 Dungeon Crawl Stone Soup version 0.19-a0-1855-gb7442ac (webtiles) character file.

210 Amnesiac the Sneak (level 5, -7/29 HPs)
             Began as a Deep Elf Assassin on Oct 11, 2016.
             Killed by divine providence
             ... invoked by an orc priest
              (11 damage)
             ... on level 3 of the Dungeon.
             The game lasted 00:03:38 (1328 turns).

Amnesiac the Sneak (Deep Elf Assassin)              Turns: 1328, Time: 00:03:38

Health: -7/29      AC:  5    Str:  9 (10) XL:     5   Next: 57%
Magic:  7/7        EV: 12    Int: 15 (16) God:
Gold:   0          SH:  0    Dex: 17      Spells: 0 memorised, 4 levels left

rFire  . . .     SeeInvis .     a - +2 dagger
rCold  . . .     Gourm    .     c - +0 robe
rNeg   . . .     Faith    .     (no shield)
rPois  .         Spirit   .     (no helmet)
rElec  .         Dismiss  .     d - +0 cloak
rCorr  .         Reflect  .     (no gloves)
MR     .....     Harm     .     (no boots)
Stlth  ++........               (no amulet)
                                (no ring)
                                h - ring of loudness (curse)

@: lethally poisoned (-7 -> -8)
A: icy blue scales 1, deterioration 1, strong 1
a: no special abilities


You were on level 3 of the Dungeon.
You were not hungry.

You visited 1 branch of the dungeon, and saw 4 of its levels.

Inventory:

Hand Weapons
 a - a +2 dagger (weapon)
 b - a +0 blowgun
Missiles
 e - 18 poisoned needles
 f - a curare-tipped needle
Armour
 c - a +0 robe (worn)
 d - a +0 cloak (worn)
Jewellery
 h - a cursed ring of loudness (left hand)
Comestibles
 g - a bread ration
 i - 5 fruits
 j - 3 chunks of flesh


   Skills:
 - Level 1.5 Fighting
 + Level 3.9 Short Blades
 + Level 3.7 Throwing
 - Level 1.2 Dodging
 * Level 6.1 Stealth


You had 4 spell levels left.
You didn't know any spells.

Dungeon Overview and Level Annotations

Branches:
Dungeon (4/15)
 Temple: D:4-7

Altars:

Portals:
Sewer: D:3

Annotations:
D:2 Ijyb, Terence


Innate Abilities, Weirdness & Mutations

You are partially covered in icy blue scales. (AC +2)
Your body sometimes deteriorates upon taking damage.
Your muscles are strong. (Str +2)


Message History

Things that are here:
an adder corpse; a giant cockroach corpse; an adder corpse You butcher the adder corpse.
You feel sick.
j - 3 chunks of flesh (gained 1)
Things that are here:
an adder skeleton; a giant cockroach corpse; an adder corpse You feel sick. 2 orcs and an orc priest come into view.
You feel sick.
You hear the rapid rusting of a drain.
You feel sick.
You feel sick.
There is an open door here.
You enter the shallow water.
Moving in this stuff is going to be slow.
You feel sick.
There is a glowing drain here.
The orc priest calls down the wrath of Beogh upon you.
Beogh smites you!
You die...

,* *,* *,,**###*#####..##*,**
,***,******#..#.,..#...,,..[#*,*
,,,,,*<,,,,,..#.*#.#..,,,...#*,*
,,,,,*****###...##.#.,,,,,..#*,*
,,,,,,,,,,,.........#####*..##.#
,,,,*****####.#####.....###.##.#
,,,,* *,,.....#≈≈≈#..........#.#
,,,,* *,****#.#≈≈≈#.....###..#.#
<,,,* *,* #.#≈@≈#.....# #....#
,,,,* *,#####.#≈≈≈#.....# #.#..#
,,,,* *,#.....#≈≈≈#.....# #.#..#
+**** *,#.....##'##.....# #÷#.>#
,* *,#..(...o.÷......# #.##.##
,* *,#.....#####.....# #.##...
,******,#%....# #.....# #.##...
,,,,,,*,#.....# #.....###.##...
*****,*,#.....# #.....#........


You could see an orc priest.

Vanquished Creatures
  Menkaure (D:4)
  An orc wizard (D:4)
  The ghost of Amnesiac the Digger, a weakling DEEE (D:3)
  4 adders
  An ooze (D:2)
  An orc (D:4)
  3 giant cockroaches
  3 goblins
  2 hobgoblins (D:1)
  3 bats (D:1)
  A frilled lizard (D:1)
  2 rats
23 creatures vanquished.

Notes
Turn   | Place    | Note
-------+----------+-------------------------------------------
     0 | D:1      | Amnesiac the Deep Elf Assassin began the quest for the Orb.
     0 | D:1      | Reached XP level 1. HP: 12/12 MP: 3/3
   103 | D:1      | Reached skill level 5 in Stealth
   130 | D:2      | Noticed Ijyb
   140 | D:2      | Reached XP level 2. HP: 12/16 MP: 4/4
   171 | D:2      | Noticed Terence
   185 | D:2      | Gained mutation: Your body sometimes deteriorates upon taking damage. [potion of mutation]
   185 | D:2      | Gained mutation: Your muscles are strong. (Str +2) [potion of mutation]
   185 | D:2      | Gained mutation: You are partially covered in icy blue scales. (AC +2) [potion of mutation]
   604 | D:4      | Reached XP level 3. HP: 4/20 MP: 5/5
  1186 | D:4      | Noticed Menkaure
  1191 | D:4      | Killed Menkaure
  1191 | D:4      | Reached XP level 4. HP: 25/25 MP: 6/6
  1191 | D:4      | Reached XP level 5. HP: 29/29 MP: 7/7
  1238 | D:3      | Noticed Amnesiac's ghost (weakling DEEE)
  1248 | D:3      | Killed Amnesiac's ghost
  1248 | D:3      | Reached skill level 6 in Stealth
  1272 | D:3      | Found a glowing drain.
  1328 | D:3      | Killed from afar by an orc priest

Vault maps used:
D:1:      lightli_arrival_flooded_house, minmay_fountain_box,
          minmay_heptomino_d4
D:2:      uniq_iyjb, uniq_terence
D:3:      overflow_temple_1_default, first_bread, gup_sewer_entry_glass,
          elyvilon_altar_5
D:4:      uniq_grinder, uniq_menkaure

Skill      XL: |  1  2  3  4  5 |
---------------+----------------+-----
Stealth        | 5 6 |  6.1
Short Blades   | 3 |  3.9
Throwing       | 3 |  3.7
Fighting       | |  1.5
Dodging        | |  1.2

Action                   |  1- 3 |  4- 6 || total
-------------------------+-------+-------++-------
Melee: Dagger            |    44 |    29 ||    73
 Fire: Blowgun           |    18 |     2 ||    20
  Use: Potion            |     1 |       ||     1
       Scroll            |       |     1 ||     1
 Stab: Sleeping          |     2 |       ||     2
  Eat: Chunk             |     1 |       ||     1
Armor: Robe              |    14 |     9 ||    23
Dodge: Dodged            |    27 |    12 ||    39
